[Event "15th Governor Cup 2019"]
[Site "Khanty-Mansiysk"]
[Date "2019.11.21"]
[Round "4.18"]
[White "Guseva, Marina"]
[Black "Skvortsov, Andrey"]
[Result "1-0"]
[ECO "D80"]
[WhiteElo "2366"]
[BlackElo "2137"]
[Annotator "ChessBase"]
[PlyCount "119"]
[EventDate "2019.11.19"]
[EventType "swiss"]
[EventCountry "RUS"]
[SourceTitle "playchess.com"]
[Source "ChessBase"]
[SourceQuality "1"]
[TimeControl "5400+30"]

1. d4 Nf6 2. c4 g6 3. Nc3 d5 4. Bg5 Ne4 5. Bh4 Nxc3 6. bxc3 dxc4 7. e3 Bg7 8. Bxc4 c5 9. Nf3 cxd4 10. cxd4 Qa5+ 11. Nd2 Nc6 12. O-O O-O 13. Rc1 e6 14. Bb3 Qb4 15. Ne4 e5 16. Rb1 Qa3 17. d5 Na5 18. d6 Bf5 19. Bd5 Bxe4 20. Bxe4 f6 21. Bxb7 Rad8 22. d7 Nxb7 23. Rxb7 Qxa2 24. f4 Qe6 25. Qa4 Rf7 26. Rd1 Bf8 27. fxe5 Qxe5 28. Bg3 Qxe3+ 29. Bf2 Qe6 30. Qd4 a5 31. Qb6 Qg4 32. Rd4 Qg5 33. h4 Qc1+ 34. Kh2 Be7 35. Rb8 Rff8 36. Qe6+ Rf7 37. Qxe7 Rxb8 38. d8=Q+ Rxd8 39. Qxd8+ Kg7 40. Qxa5 Qc7+ 41. Qxc7 Rxc7 42. Rd6 f5 43. Be3 Re7 44. Bg5 Rb7 45. Re6 Kf7 46. Rc6 Kg7 47. Bf4 Rb4 48. Rc7+ Kg8 49. g3 Rb2+ 50. Kh3 Re2 51. Bh6 Re8 52. Kg2 Kh8 53. Kf3 Kg8 54. Bd2 Re6 55. Bh6 Re8 56. Kf4 Re4+ 57. Kg5 Re8 58. Kf6 Ra8 59. Ke7 Rb8 60. Rd7 1-0

[Event "15th Governor Cup 2019"]
[Site "Khanty-Mansiysk"]
[Date "2019.11.21"]
[Round "4.19"]
[White "Najdin, Danil"]
[Black "Ryabov, Georgi"]
[Result "1-0"]
[ECO "E91"]
[WhiteElo "2357"]
[BlackElo "1887"]
[Annotator "ChessBase"]
[PlyCount "81"]
[EventDate "2019.11.19"]
[EventType "swiss"]
[EventCountry "RUS"]
[SourceTitle "playchess.com"]
[Source "ChessBase"]
[SourceQuality "1"]
[TimeControl "5400+30"]

1. d4 Nf6 2. c4 g6 3. Nc3 Bg7 4. e4 d6 5. Nf3 O-O 6. Be2 Nbd7 7. O-O c5 8. d5 Ne8 9. Bf4 Ne5 10. Nxe5 dxe5 11. Be3 b6 12. a3 Nd6 13. b4 Nb7 14. Qd2 f5 15. f3 f4 16. Bf2 g5 17. Rfb1 Rf6 18. Na4 Qc7 19. bxc5 bxc5 20. Rb2 h5 21. h3 Bh6 22. Qd1 Bd7 23. Rab1 Bxa4 24. Qxa4 Nd6 25. Qc6 Rc8 26. Qxc7 Rxc7 27. Rb8+ Rf8 28. Rxf8+ Bxf8 29. Rb8 Kf7 30. Kf1 g4 31. fxg4 hxg4 32. Bxg4 Nxe4 33. Be6+ Kg7 34. Be1 Nd6 35. Bc3 Nxc4 36. Ke2 Kg6 37. Kd3 Nd6 38. Rxf8 e4+ 39. Kc2 Nb5 40. Rxf4 Nd4+ 41. Kd2 1-0

[Event "15th Governor Cup 2019"]
[Site "Khanty-Mansiysk"]
[Date "2019.11.21"]
[Round "4.20"]
[White "Yakimova, Mariya"]
[Black "Voskresenskaya, Marta"]
[Result "1-0"]
[ECO "D15"]
[WhiteElo "2276"]
[BlackElo "1859"]
[Annotator "ChessBase"]
[PlyCount "80"]
[EventDate "2019.11.19"]
[EventType "swiss"]
[EventCountry "RUS"]
[SourceTitle "playchess.com"]
[Source "ChessBase"]
[SourceQuality "1"]
[TimeControl "5400+30"]

1. d4 d5 2. c4 c6 3. Nf3 Nf6 4. Nc3 a6 5. a4 Bf5 6. g3 e6 7. Bg2 Nbd7 8. O-O h6 9. Bf4 Be7 10. a5 O-O 11. Qb3 g5 12. Be3 Rb8 13. Bc1 Ne4 14. Nd2 Nxd2 15. Bxd2 Bf6 16. cxd5 cxd5 17. e3 b5 18. Na2 Rc8 19. Rfc1 Ra8 20. Bb4 Re8 21. Rc3 Rc8 22. Rac1 Rxc3 23. Qxc3 Qa8 24. Qc6 Qxc6 25. Rxc6 Ra8 26. Rc7 Nf8 27. Nc1 Bd8 28. Rc6 Kg7 29. Nb3 Nd7 30. Bc3 Kg6 31. Nc5 Nxc5 32. dxc5 Ra7 33. b4 Bc7 34. f4 gxf4 35. gxf4 f6 36. Bxd5 Kf7 37. Bf3 Bh3 38. e4 f5 39. e5 Bg4 40. Rb6 Rb7 1-0

[Event "15th Governor Cup 2019"]
[Site "Khanty-Mansiysk"]
[Date "2019.11.21"]
[Round "4.21"]
[White "Mukhina, Jana"]
[Black "Mironenko, Galina"]
[Result "1/2-1/2"]
[ECO "E00"]
[WhiteElo "2105"]
[BlackElo "2236"]
[Annotator "ChessBase"]
[PlyCount "60"]
[EventDate "2019.11.19"]
[EventType "swiss"]
[EventCountry "RUS"]
[SourceTitle "playchess.com"]
[Source "ChessBase"]
[SourceQuality "1"]
[TimeControl "5400+30"]

1. d4 Nf6 2. c4 e6 3. a3 d5 4. Nc3 Be7 5. Bg5 h6 6. Bh4 b6 7. cxd5 Nxd5 8. Bxe7 Qxe7 9. Nxd5 exd5 10. Qa4+ c6 11. e3 O-O 12. Bd3 c5 13. Ne2 Bd7 14. Bb5 a6 15. Bxd7 Nxd7 16. O-O Qd6 17. dxc5 bxc5 18. Rfd1 Nf6 19. Rac1 Rfd8 20. Rc2 Rab8 21. Rcd2 Qe5 22. Nc3 Rd6 23. Qa5 Rc8 24. h3 Kh8 25. Rd3 Kg8 26. R3d2 Kh8 27. Rc2 Qh5 28. Rcd2 Qe5 29. Rd3 Kg8 30. R3d2 Kh8 1/2-1/2

[Event "15th Governor Cup 2019"]
[Site "Khanty-Mansiysk"]
[Date "2019.11.21"]
[Round "4.22"]
[White "Kochukova, Anna"]
[Black "Dorofeeva, Nyurguiaana"]
[Result "0-1"]
[ECO "C55"]
[WhiteElo "2117"]
[BlackElo "1848"]
[Annotator "ChessBase"]
[PlyCount "132"]
[EventDate "2019.11.19"]
[EventType "swiss"]
[EventCountry "RUS"]
[SourceTitle "playchess.com"]
[Source "ChessBase"]
[SourceQuality "1"]
[TimeControl "5400+30"]

1. e4 e5 2. Nf3 Nc6 3. Bc4 Nf6 4. d3 Be7 5. Nc3 d6 6. h3 Na5 7. Bd5 O-O 8. O-O Nxd5 9. exd5 b6 10. b4 Nb7 11. d4 Bd7 12. Bb2 Re8 13. dxe5 dxe5 14. Nxe5 Bxb4 15. Nd3 Bd6 16. Qf3 Qh4 17. Rfe1 h5 18. Re4 Rxe4 19. Nxe4 Re8 20. Re1 Kf8 21. Nxd6 Rxe1+ 22. Nxe1 Nxd6 23. Qc3 Ne8 24. Nf3 Qe4 25. Qb3 Ba4 26. Qa3+ Kg8 27. Nd4 Bxc2 28. Nc6 Qe1+ 29. Kh2 Qxf2 30. Qb4 Nf6 31. Ne7+ Kh7 32. Bc1 Be4 33. Qb2 Qxb2 34. Bxb2 Nxd5 35. Nxd5 Bxd5 36. a3 b5 37. Bd4 a6 38. g3 g6 39. Kg1 Kg8 40. Kf2 Kf8 41. Be5 c6 42. Ke3 Ke7 43. Kd4 Ke6 44. Bb8 f6 45. Kc5 a5 46. Bc7 a4 47. h4 g5 48. Bd8 gxh4 49. gxh4 Ke5 50. Be7 f5 51. Kb4 Kf4 52. Kc3 Kg3 53. Kd2 f4 54. Bd6 Kg4 55. Ke1 f3 56. Be7 Kg3 57. Bd6+ Kxh4 58. Kf2 Kg4 59. Kg1 h4 60. Kf2 h3 61. Kg1 Be4 62. Bc5 b4 63. axb4 a3 64. b5 a2 65. Bd4 cxb5 66. Kh2 f2 0-1

[Event "15th Governor Cup 2019"]
[Site "Khanty-Mansiysk"]
[Date "2019.11.22"]
[Round "5.4"]
[White "Bocharov, Ivan"]
[Black "Savitskiy, Sergey"]
[Result "1/2-1/2"]
[ECO "B31"]
[WhiteElo "2571"]
[BlackElo "2396"]
[Annotator "ChessBase"]
[PlyCount "73"]
[EventDate "2019.11.19"]
[EventType "swiss"]
[EventCountry "RUS"]
[SourceTitle "playchess.com"]
[Source "ChessBase"]
[SourceQuality "1"]
[TimeControl "5400+30"]

1. e4 c5 2. Nf3 Nc6 3. Bb5 g6 4. Bxc6 bxc6 5. O-O Bg7 6. Re1 Nh6 7. c3 O-O 8. d4 cxd4 9. cxd4 d5 10. e5 f6 11. h3 fxe5 12. Bxh6 Bxh6 13. Nxe5 Qb6 14. Qc2 Bf5 15. Qc3 Rab8 16. b3 Rf6 17. Nd2 Qb4 18. Qxb4 Rxb4 19. Ndf3 Be4 20. Ng4 Kg7 21. Nfe5 Re6 22. f3 Bd2 23. fxe4 Bxe1 24. Rxe1 Rxd4 25. exd5 Rxd5 26. Re3 Rd1+ 27. Kh2 h5 28. Nc4 Rxe3 29. Ngxe3 Ra1 30. a3 h4 31. Nc2 Rb1 32. Nd4 Kf6 33. b4 Rc1 34. Nd2 Ra1 35. Nc4 Rc1 36. Nd2 Ra1 37. Nc4 1/2-1/2

[Event "15th Governor Cup 2019"]
[Site "Khanty-Mansiysk"]
[Date "2019.11.22"]
[Round "5.6"]
[White "Volkov, Sergey"]
[Black "Nesterov, Arseniy"]
[Result "1/2-1/2"]
[ECO "D37"]
[WhiteElo "2572"]
[BlackElo "2489"]
[Annotator "ChessBase"]
[PlyCount "108"]
[EventDate "2019.11.19"]
[EventType "swiss"]
[EventCountry "RUS"]
[SourceTitle "playchess.com"]
[Source "ChessBase"]
[SourceQuality "1"]
[TimeControl "5400+30"]

1. d4 Nf6 2. c4 e6 3. Nf3 d5 4. Nc3 dxc4 5. e4 Bb4 6. Bxc4 Nxe4 7. O-O Nxc3 8. bxc3 Be7 9. Qe2 O-O 10. Rd1 Nd7 11. Bb3 Nf6 12. Ne5 c5 13. dxc5 Qc7 14. Rd3 Qxc5 15. Rh3 Bd6 16. Nc4 Be7 17. Be3 Qb5 18. Bd2 e5 19. Rg3 e4 20. Rg5 Qa6 21. Rg3 Bf5 22. Re1 Rad8 23. Be3 Bg6 24. Ne5 Qxe2 25. Rxe2 Bf5 26. Bxa7 Nh5 27. Rge3 Nf4 28. Re1 Bf6 29. g4 Be6 30. Bxe6 fxe6 31. Nc4 Nd3 32. Rf1 Ra8 33. Bb6 Rxa2 34. Rxe4 Bh4 35. f4 Rc2 36. Ne5 Nxe5 37. Rxe5 Ra8 38. Ra5 Rc8 39. Bd4 Bf6 40. Bxf6 gxf6 41. Rb5 Rc7 42. f5 Rc4 43. fxe6 Rxg4+ 44. Kh1 Rh4 45. Rxf6 Rcxh2+ 46. Kg1 Rh1+ 47. Kf2 R1h2+ 48. Ke3 R2h3+ 49. Kd2 Rg3 50. Re5 Rh2+ 51. Re2 Rxe2+ 52. Kxe2 Rxc3 53. e7 Rc8 54. Rb6 Re8 1/2-1/2

[Event "15th Governor Cup 2019"]
[Site "Khanty-Mansiysk"]
[Date "2019.11.22"]
[Round "5.7"]
[White "Frolyanov, Dmitry"]
[Black "Pogosyan, Stefan"]
[Result "1-0"]
[ECO "C78"]
[WhiteElo "2556"]
[BlackElo "2455"]
[Annotator "ChessBase"]
[PlyCount "49"]
[EventDate "2019.11.19"]
[EventType "swiss"]
[EventCountry "RUS"]
[SourceTitle "playchess.com"]
[Source "ChessBase"]
[SourceQuality "1"]
[TimeControl "5400+30"]

1. e4 e5 2. Nf3 Nc6 3. Bb5 a6 4. Ba4 Nf6 5. O-O b5 6. Bb3 Bc5 7. c3 d6 8. a4 Rb8 9. d4 Bb6 10. axb5 axb5 11. Na3 exd4 12. cxd4 Na5 13. Bc2 b4 14. Nb1 O-O 15. Nbd2 Bg4 16. e5 Nd7 17. Qe2 dxe5 18. dxe5 Nc5 19. Ne4 Ne6 20. Rd1 Qe7 21. Ng3 g6 22. Ne4 Bxf3 23. Qxf3 Kg7 24. Nf6 h5 25. Qg3 1-0

[Event "15th Governor Cup 2019"]
[Site "Khanty-Mansiysk"]
[Date "2019.11.22"]
[Round "5.8"]
[White "Iljiushenok, Ilia"]
[Black "Safin, Robert"]
[Result "1-0"]
[ECO "B40"]
[WhiteElo "2532"]
[BlackElo "2182"]
[Annotator "ChessBase"]
[PlyCount "127"]
[EventDate "2019.11.19"]
[EventType "swiss"]
[EventCountry "RUS"]
[SourceTitle "playchess.com"]
[Source "ChessBase"]
[SourceQuality "1"]
[TimeControl "5400+30"]

1. e4 c5 2. Nf3 e6 3. d4 cxd4 4. Nxd4 Nf6 5. Nd2 Nc6 6. Nxc6 bxc6 7. e5 Nd5 8. c4 Nf4 9. g3 Ng6 10. Qe2 Qc7 11. f4 d6 12. exd6 Bxd6 13. Bg2 O-O 14. O-O Bc5+ 15. Kh1 Rb8 16. Nb3 Be7 17. c5 a5 18. Be3 Rb5 19. Rac1 Bf6 20. Nd4 Rb4 21. Rfd1 Ne7 22. a3 Rb8 23. Rd2 Nd5 24. Bg1 Bd7 25. Nf3 Be7 26. Bd4 f6 27. Re1 Rfe8 28. Qd3 Rb5 29. Rc2 Qc8 30. Rcc1 Qb8 31. Nd2 Bf8 32. Nf3 Qa7 33. Qc2 Qb8 34. Re2 Qa7 35. Ree1 Qc7 36. Bf1 Rbb8 37. Bd3 g6 38. h4 Bg7 39. Be4 e5 40. fxe5 fxe5 41. Bc3 Nf6 42. Rcd1 Nxe4 43. Qxe4 Bf5 44. Qe3 Be6 45. Ng5 Bd5+ 46. Kh2 e4 47. Rd2 Rb3 48. a4 Be5 49. Rf1 Qg7 50. Rc2 Qh6 51. Kg1 Qh5 52. Rcf2 Qg4 53. Kg2 Bxg3 54. Qxg3 e3+ 55. Rf3 Bxf3+ 56. Nxf3 Qe4 57. Kg1 e2 58. Re1 Rb7 59. Nd4 Rf7 60. Rxe2 Qb1+ 61. Re1 Rxe1+ 62. Qxe1 Qd3 63. Nxc6 Rf8 64. Qe6+ 1-0

[Event "15th Governor Cup 2019"]
[Site "Khanty-Mansiysk"]
[Date "2019.11.22"]
[Round "5.9"]
[White "Potapov, Pavel"]
[Black "Bilguun, Sumiya"]
[Result "1/2-1/2"]
[ECO "B40"]
[WhiteElo "2489"]
[BlackElo "2496"]
[Annotator "ChessBase"]
[PlyCount "79"]
[EventDate "2019.11.19"]
[EventType "swiss"]
[EventCountry "RUS"]
[SourceTitle "playchess.com"]
[Source "ChessBase"]
[SourceQuality "1"]
[TimeControl "5400+30"]

1. e4 c5 2. Nf3 e6 3. c3 d5 4. exd5 Qxd5 5. d4 Nc6 6. Be3 cxd4 7. cxd4 Nf6 8. Nc3 Qd6 9. Bd3 Be7 10. O-O O-O 11. a3 b6 12. Qe2 Bb7 13. Rad1 Rad8 14. Bb1 Nd5 15. Ne4 Qd7 16. Qd3 f5 17. Nc3 Bf6 18. Rfe1 Nce7 19. Bc1 Ng6 20. Ba2 Rfe8 21. Nxd5 Bxd5 22. Bxd5 Qxd5 23. Bg5 Rd7 24. h4 h6 25. Bxf6 gxf6 26. Qe3 Kg7 27. Rc1 h5 28. Rc3 Kh7 29. Rec1 Qe4 30. g3 Qxe3 31. fxe3 Ne7 32. Rc7 Red8 33. Kf2 Nd5 34. Rxd7+ Rxd7 35. Ne1 Kg7 36. Nd3 Kf7 37. Rc6 Ne7 38. Rc3 Nd5 39. Rc6 Ne7 40. Rc3 1/2-1/2

[Event "15th Governor Cup 2019"]
[Site "Khanty-Mansiysk"]
[Date "2019.11.22"]
[Round "5.10"]
[White "Ponkratov, Pavel"]
[Black "Najdin, Danil"]
[Result "1-0"]
[ECO "A83"]
[WhiteElo "2619"]
[BlackElo "2357"]
[Annotator "RC"]
[PlyCount "47"]
[EventDate "2019.11.19"]
[EventType "swiss"]
[EventCountry "RUS"]
[SourceTitle "playchess.com"]
[Source "ChessBase"]
[SourceQuality "1"]
[TimeControl "5400+30"]

1. d4 f5 2. e4 fxe4 3. Nc3 Nf6 4. Bg5 g6 5. f3 exf3 6. Nxf3 Bg7 7. Bc4 b5 8. Nxb5 c6 9. Nc3 Ba6 10. Bb3 Qa5 11. Qd2 e6 12. h4 Nd5 13. h5 Nxc3 14. bxc3 gxh5 15. Rxh5 h6 16. Kf2 Rf8 17. Rxh6 Bxh6 18. Bxh6 Rf7 19. Re1 Qh5 20. Bf4 Qg4 21. Bd6 Rg7 22. Qh6 Qxg2+ 23. Ke3 c5 24. Qf6 1-0

[Event "15th Governor Cup 2019"]
[Site "Khanty-Mansiysk"]
[Date "2019.11.22"]
[Round "5.11"]
[White "Khanin, Semen"]
[Black "Chinguun, Sumiya"]
[Result "1/2-1/2"]
[ECO "B38"]
[WhiteElo "2503"]
[BlackElo "2307"]
[Annotator "ChessBase"]
[PlyCount "156"]
[EventDate "2019.11.19"]
[EventType "swiss"]
[EventCountry "RUS"]
[SourceTitle "playchess.com"]
[Source "ChessBase"]
[SourceQuality "1"]
[TimeControl "5400+30"]

1. e4 c5 2. Nf3 Nc6 3. d4 cxd4 4. Nxd4 g6 5. c4 Bg7 6. Be3 Nf6 7. Nc3 O-O 8. Be2 d6 9. O-O Bd7 10. h3 Nxd4 11. Bxd4 Bc6 12. Qc2 a5 13. Rad1 Nd7 14. Bxg7 Kxg7 15. Bg4 Ne5 16. c5 b5 17. cxd6 exd6 18. Nd5 h5 19. Be2 Rc8 20. Qb3 b4 21. f4 Nd7 22. Qe3 Bxd5 23. Rxd5 Nf6 24. Qd4 Rc6 25. Bb5 Rb6 26. Ba4 Ra6 27. Rb5 Re8 28. e5 dxe5 29. Qxd8 Rxd8 30. fxe5 Ne4 31. Rb7 Rf8 32. Bb3 Ng5 33. h4 Ne6 34. Bc4 Rc6 35. Bd5 Rc7 36. Rb6 Nd4 37. Ra6 Re8 38. Re1 Rc5 39. Rd6 Re7 40. Rd8 Ne6 41. Rd6 Nf4 42. Bb3 Rcxe5 43. Rxe5 Rxe5 44. Rd7 Ne6 45. Bxe6 Rxe6 46. Rd5 Re2 47. Rxa5 Rxb2 48. a3 f6 49. axb4 Rxb4 50. Ra7+ Kh6 51. Rf7 Rxh4 52. Rxf6 Kg5 53. Ra6 Rb4 54. Kh2 Kf5 55. Kg3 h4+ 56. Kf3 Rf4+ 57. Ke2 g5 58. Ra5+ Kg4 59. Ra3 Rf5 60. Rb3 Kh5 61. Rb8 g4 62. Rh8+ Kg5 63. Rg8+ Kf4 64. Kf2 g3+ 65. Kg1 Rd5 66. Rf8+ Kg5 67. Rf1 Rd2 68. Ra1 Kf4 69. Rf1+ Ke3 70. Re1+ Kd3 71. Ra1 Ke2 72. Rb1 Rd1+ 73. Rxd1 Kxd1 74. Kh1 Ke2 75. Kg1 Ke1 76. Kh1 h3 77. Kg1 h2+ 78. Kh1 Kf2 1/2-1/2

[Event "15th Governor Cup 2019"]
[Site "Khanty-Mansiysk"]
[Date "2019.11.22"]
[Round "5.12"]
[White "Remizov, Yaroslav"]
[Black "Zakaryan, David"]
[Result "1-0"]
[ECO "B41"]
[WhiteElo "2394"]
[BlackElo "2338"]
[Annotator "ChessBase"]
[PlyCount "179"]
[EventDate "2019.11.19"]
[EventType "swiss"]
[EventCountry "RUS"]
[SourceTitle "playchess.com"]
[Source "ChessBase"]
[SourceQuality "1"]
[TimeControl "5400+30"]

1. e4 c5 2. Nf3 e6 3. d4 cxd4 4. Nxd4 a6 5. c4 Nf6 6. Nc3 Bb4 7. Qd3 Qc7 8. a3 Be7 9. Qg3 Qxg3 10. hxg3 d6 11. f3 Nc6 12. Be3 Nxd4 13. Bxd4 e5 14. Be3 Be6 15. Kd2 Rc8 16. b3 O-O 17. Bd3 h6 18. g4 Nd7 19. Nd5 Bd8 20. b4 Re8 21. Rab1 Bxd5 22. cxd5 Bb6 23. Rhc1 Kf8 24. a4 Ke7 25. a5 Bxe3+ 26. Kxe3 Rxc1 27. Rxc1 Rb8 28. Kd2 Kd8 29. Rh1 Ke7 30. Kc3 Rc8+ 31. Kb3 Rb8 32. Kc3 Rc8+ 33. Kb3 Kf6 34. g3 Ke7 35. Be2 Rc7 36. Bd3 Rc8 37. Be2 Nf6 38. Bd3 Kd8 39. Be2 Kc7 40. Rc1+ Kb8 41. Rxc8+ Kxc8 42. Kc3 Kb8 43. Kd2 Ka7 44. Bd1 Kb8 45. Ba4 Kc7 46. Ke3 Kd8 47. Kd3 g6 48. Kc4 h5 49. gxh5 Nxh5 50. g4 Nf4 51. Bd1 Kc7 52. Ba4 f6 53. Bd1 b6 54. Kc3 bxa5 55. bxa5 Kb7 56. Kc4 Ka7 57. Kc3 Ng2 58. Kd2 Nf4 59. Be2 Nh3 60. Bd1 Ng5 61. Kc3 Nf7 62. Ba4 Kb8 63. Kc4 Kc7 64. Kc3 Ng5 65. Bd1 Nh3 66. Kc4 Nf4 67. Kc3 f5 68. gxf5 gxf5 69. Kc4 Ng2 70. Be2 Kb7 71. Kd3 Nf4+ 72. Kd2 Ka7 73. exf5 Nxd5 74. Bc4 Nf6 75. Ke3 d5 76. Bxd5 Kb8 77. Bc4 Kb7 78. f4 exf4+ 79. Kxf4 Nd7 80. Kg5 Ne5 81. f6 Kc7 82. Bxa6 Kd6 83. Bb5 Kc5 84. a6 Kb6 85. Kh6 Nf7+ 86. Kg7 Nd6 87. f7 Nxf7 88. Kxf7 Ka7 89. Ke6 Kb8 90. Kd6 1-0

[Event "15th Governor Cup 2019"]
[Site "Khanty-Mansiysk"]
[Date "2019.11.22"]
[Round "5.13"]
[White "Maltsevskaya, Aleksandra"]
[Black "Obgolts, Erik"]
[Result "1/2-1/2"]
[ECO "A05"]
[WhiteElo "2332"]
[BlackElo "2371"]
[Annotator "ChessBase"]
[PlyCount "66"]
[EventDate "2019.11.19"]
[EventType "swiss"]
[EventCountry "RUS"]
[SourceTitle "playchess.com"]
[Source "ChessBase"]
[SourceQuality "1"]
[TimeControl "5400+30"]

1. Nf3 Nf6 2. g3 g6 3. Bg2 Bg7 4. O-O O-O 5. d4 d6 6. b3 Nc6 7. Bb2 e5 8. dxe5 Ng4 9. c4 Ngxe5 10. Nxe5 Nxe5 11. Nc3 c6 12. Qd2 Be6 13. Rad1 Qa5 14. Ba1 Rad8 15. h3 f5 16. f4 Nf7 17. e4 fxe4 18. Nxe4 Qxd2 19. Rxd2 Bxa1 20. Rxa1 Bf5 21. Nf2 h5 22. Rad1 Kg7 23. Bf3 Rde8 24. Kg2 Re3 25. Re2 Rxe2 26. Bxe2 Re8 27. Bf3 Re3 28. g4 hxg4 29. hxg4 Bc8 30. Rd3 Re1 31. Rd1 Re3 32. Rd3 Re1 33. Rd1 Re3 1/2-1/2

[Event "15th Governor Cup 2019"]
[Site "Khanty-Mansiysk"]
[Date "2019.11.22"]
[Round "5.14"]
[White "Shafigullina, Zarina"]
[Black "Guseva, Marina"]
[Result "0-1"]
[ECO "A05"]
[WhiteElo "2295"]
[BlackElo "2366"]
[Annotator "ChessBase"]
[PlyCount "80"]
[EventDate "2019.11.19"]
[EventType "swiss"]
[EventCountry "RUS"]
[SourceTitle "playchess.com"]
[Source "ChessBase"]
[SourceQuality "1"]
[TimeControl "5400+30"]

1. Nf3 Nf6 2. g3 e6 3. Bg2 d5 4. O-O Be7 5. c4 O-O 6. d3 b6 7. b3 Bb7 8. Bb2 c5 9. Na3 Nc6 10. Nc2 Rc8 11. Rb1 Qc7 12. Qc1 Rfd8 13. Ba1 h6 14. Qb2 dxc4 15. bxc4 Ne8 16. Na3 Bf6 17. Qc1 Bxa1 18. Rxa1 Qe7 19. Nb5 Nd6 20. Nc3 Nf5 21. Nd2 Nb4 22. Nde4 Nd4 23. f4 f5 24. Nf2 Bxg2 25. Kxg2 e5 26. e4 fxe4 27. dxe4 exf4 28. gxf4 Qf7 29. Nd5 Nxd5 30. cxd5 Rxd5 31. Kh1 Rh5 32. Qd1 Rh4 33. Nd3 Re8 34. Ne5 Qb7 35. Qd3 Rxe5 36. fxe5 Rxe4 37. Qc4+ Kh7 38. Qf7 Qc6 39. Rf3 Nxf3 40. Qxf3 Re1+ 0-1

[Event "15th Governor Cup 2019"]
[Site "Khanty-Mansiysk"]
[Date "2019.11.22"]
[Round "5.15"]
[White "Skatchkov, Valery"]
[Black "Lysenko, Margarita"]
[Result "1/2-1/2"]
[ECO "E15"]
[WhiteElo "2309"]
[BlackElo "2243"]
[Annotator "ChessBase"]
[PlyCount "79"]
[EventDate "2019.11.19"]
[EventType "swiss"]
[EventCountry "RUS"]
[SourceTitle "playchess.com"]
[Source "ChessBase"]
[SourceQuality "1"]
[TimeControl "5400+30"]

1. d4 Nf6 2. c4 e6 3. Nf3 b6 4. g3 Ba6 5. b3 Bb4+ 6. Bd2 Be7 7. Bg2 c6 8. O-O d5 9. Ne5 Nfd7 10. Nxd7 Nxd7 11. Bc3 O-O 12. Nd2 f5 13. e3 Nf6 14. a4 Rc8 15. Qe2 Qd7 16. a5 b5 17. c5 g5 18. b4 g4 19. f3 gxf3 20. Bxf3 Kh8 21. Bb2 Rf7 22. Bg2 Rg8 23. Nf3 Rfg7 24. Kf2 Bc8 25. Ke1 Qc7 26. Ne5 Ng4 27. Nxg4 Rxg4 28. Kd2 Bf6 29. Bf3 R4g7 30. Kc2 Bd7 31. e4 Qd8 32. e5 Be7 33. Bc1 Bg5 34. Bg2 Bxc1 35. Raxc1 Be8 36. Rf4 Rg4 37. Rcf1 Bh5 38. Qe3 Qg5 39. Bh3 Rxf4 40. Rxf4 1/2-1/2

[Event "15th Governor Cup 2019"]
[Site "Khanty-Mansiysk"]
[Date "2019.11.22"]
[Round "5.16"]
[White "Martynyuk, Elizaveta"]
[Black "Afanasiev, Nikita"]
[Result "0-1"]
[ECO "B42"]
[WhiteElo "2020"]
[BlackElo "2508"]
[Annotator "ChessBase"]
[PlyCount "60"]
[EventDate "2019.11.19"]
[EventType "swiss"]
[EventCountry "RUS"]
[SourceTitle "playchess.com"]
[Source "ChessBase"]
[SourceQuality "1"]
[TimeControl "5400+30"]

1. e4 c5 2. Nf3 e6 3. d4 cxd4 4. Nxd4 a6 5. Bd3 Bc5 6. Nb3 Be7 7. Qg4 g6 8. Qe2 d6 9. a4 b6 10. O-O Nd7 11. f4 Qc7 12. Be3 Bb7 13. c4 Ngf6 14. Nc3 h5 15. h3 h4 16. a5 bxa5 17. Nxa5 Nh5 18. Qf2 Ng3 19. Bd4 Rh5 20. Nxb7 Qxb7 21. e5 Rc8 22. c5 Nxc5 23. Bxc5 Rxc5 24. Bxa6 Qb8 25. exd6 Bxd6 26. Rfd1 Kf8 27. Be2 Rxc3 28. Rxd6 Rc2 29. Rad1 Nxe2+ 30. Kh2 Qb4 0-1

[Event "15th Governor Cup 2019"]
[Site "Khanty-Mansiysk"]
[Date "2019.11.22"]
[Round "5.17"]
[White "Chekletsov, Ilya"]
[Black "Yakimova, Mariya"]
[Result "1-0"]
[ECO "A90"]
[WhiteElo "2386"]
[BlackElo "2276"]
[Annotator "ChessBase"]
[PlyCount "81"]
[EventDate "2019.11.19"]
[EventType "swiss"]
[EventCountry "RUS"]
[SourceTitle "playchess.com"]
[Source "ChessBase"]
[SourceQuality "1"]
[TimeControl "5400+30"]

1. d4 f5 2. c4 Nf6 3. g3 e6 4. Bg2 d5 5. Nf3 c6 6. O-O Bd6 7. Qc2 O-O 8. Nc3 Ne4 9. Rb1 Nd7 10. b4 b6 11. a4 a5 12. b5 Nxc3 13. Qxc3 Bb7 14. bxc6 Bxc6 15. Ng5 Qe7 16. cxd5 Bxd5 17. Bxd5 exd5 18. Qc6 Nf6 19. Rxb6 Bb4 20. Qb5 Rfe8 21. Be3 Qd7 22. Qxd7 Nxd7 23. Rc6 Rab8 24. Bf4 Rb7 25. e3 h6 26. Nf3 g5 27. Bc7 Rc8 28. Rfc1 Kh7 29. Kg2 Kg8 30. R1c2 Kh7 31. h3 Kg8 32. h4 g4 33. Ng1 Kf7 34. Ne2 Nf6 35. Nf4 Ne4 36. Nxd5 Be1 37. Nb6 Re8 38. Be5 Re6 39. Rxe6 Kxe6 40. Rc6+ Ke7 41. Rxh6 1-0

[Event "15th Governor Cup 2019"]
[Site "Khanty-Mansiysk"]
[Date "2019.11.22"]
[Round "5.18"]
[White "Skvortsov, Andrey"]
[Black "Mochalin, Faddey"]
[Result "0-1"]
[ECO "A13"]
[WhiteElo "2137"]
[BlackElo "2188"]
[Annotator "ChessBase"]
[PlyCount "78"]
[EventDate "2019.11.19"]
[EventType "swiss"]
[EventCountry "RUS"]
[SourceTitle "playchess.com"]
[Source "ChessBase"]
[SourceQuality "1"]
[TimeControl "5400+30"]

1. c4 e6 2. Nf3 d5 3. b3 d4 4. g3 Nc6 5. Bg2 e5 6. d3 Nf6 7. O-O Bd6 8. e3 dxe3 9. Bxe3 O-O 10. d4 exd4 11. Nxd4 Be5 12. Nxc6 Qxd1 13. Ne7+ Kh8 14. Rxd1 Bxa1 15. Nxc8 Raxc8 16. Bxb7 Rcd8 17. Rd2 Rxd2 18. Nxd2 a5 19. Nf3 Bc3 20. Bf4 Re8 21. Kf1 h6 22. h3 Nh5 23. Bc1 a4 24. c5 axb3 25. axb3 Nf6 26. Ba3 Kg8 27. b4 Ne4 28. Bc6 Re6 29. b5 Nd2+ 30. Kg2 Nxf3 31. Bxf3 Bd4 32. Bg4 f5 33. Bxf5 Rf6 34. g4 g6 35. Be4 Rxf2+ 36. Kg3 Re2 37. Bd5+ Kg7 38. b6 cxb6 39. cxb6 Re3+ 0-1

[Event "15th Governor Cup 2019"]
[Site "Khanty-Mansiysk"]
[Date "2019.11.22"]
[Round "5.19"]
[White "Ryabov, Georgi"]
[Black "Belyakov, Bogdan"]
[Result "0-1"]
[ECO "A36"]
[WhiteElo "1887"]
[BlackElo "2495"]
[Annotator "ChessBase"]
[PlyCount "78"]
[EventDate "2019.11.19"]
[EventType "swiss"]
[EventCountry "RUS"]
[SourceTitle "playchess.com"]
[Source "ChessBase"]
[SourceQuality "1"]
[TimeControl "5400+30"]

1. c4 c5 2. g3 Nc6 3. Bg2 g6 4. Nc3 Bg7 5. d3 e6 6. e4 Nge7 7. Nge2 O-O 8. O-O d6 9. f4 Rb8 10. h3 a6 11. a4 Nd4 12. Be3 Nec6 13. Kh2 Qb6 14. Rb1 Qb3 15. Rf2 Qxd1 16. Rxd1 Bd7 17. Rb1 Nc2 18. Bd2 N6b4 19. Nc1 Nd4 20. N3a2 Nxa2 21. Nxa2 Bxa4 22. Bf1 b5 23. Bc3 b4 24. Bxd4 Bxd4 25. Rg2 a5 26. Nc1 Ra8 27. Ra1 Bc6 28. Nb3 a4 29. Nxd4 cxd4 30. Rf2 Rfb8 31. Bg2 Ra5 32. Bf3 Kg7 33. Ra2 h6 34. Bd1 f5 35. Bf3 b3 36. Ra3 fxe4 37. Bxe4 Bxe4 38. dxe4 Rb4 39. Rf3 Rc5 0-1

[Event "15th Governor Cup 2019"]
[Site "Khanty-Mansiysk"]
[Date "2019.11.22"]
[Round "5.20"]
[White "Dorofeeva, Nyurguiaana"]
[Black "Semenova, Elena"]
[Result "0-1"]
[ECO "A09"]
[WhiteElo "1848"]
[BlackElo "2282"]
[Annotator "ChessBase"]
[PlyCount "42"]
[EventDate "2019.11.19"]
[EventType "swiss"]
[EventCountry "RUS"]
[SourceTitle "playchess.com"]
[Source "ChessBase"]
[SourceQuality "1"]
[TimeControl "5400+30"]

1. Nf3 d5 2. c4 d4 3. b4 g6 4. Bb2 Bg7 5. e3 e5 6. Qa4+ Bd7 7. Qa3 Bf5 8. exd4 e4 9. d5 Bxb2 10. Qxb2 exf3 11. Qxh8 Qe7+ 12. Kd1 Kf8 13. Qc3 Na6 14. a3 Re8 15. Bd3 fxg2 16. Rg1 Qg5 17. Bxf5 Qh5+ 18. Bg4 Qxh2 19. Rxg2 Qxg2 20. Bf3 Qxf2 21. d4 Re3 0-1